 Dungeon Crawl Stone Soup version 0.21-a0-529-g8c7b3f5 (webtiles) character file.

88 Gildeon the Magician (level 4, 0/30 HPs)
             Began as a Human Summoner on Dec 10, 2017.
             Succumbed to a kobold's poison
             ... on level 3 of the Dungeon.
             The game lasted 00:28:48 (2929 turns).

Gildeon the Magician (Human Summoner)               Turns: 2929, Time: 00:28:48

Health: 0/30       AC:  5    Str:  9    XL:     4   Next: 81%
Magic:  10/10      EV: 12    Int: 15    God:
Gold:   107        SH:  0    Dex: 14    Spells: 2/11 levels left

rFire    . . .     SeeInvis .   i - +0 spear
rCold    + . .     Gourm    .   (no shield)
rNeg     . . .     Faith    .   d - +1 leather armour {rC+}
rPois    .         Spirit   .   (no helmet)
rElec    .         Reflect  .   h - +0 cloak
rCorr    .         Harm     .   (no gloves)
MR       .....                  (no boots)
Stlth    ++........             (no amulet)
HPRegen  0.10/turn              (no ring)
MPRegen  0.12/turn              (no ring)

@: lethally poisoned (0 -> -4)
A: no striking features
a: no special abilities


You were on level 3 of the Dungeon.
You were not hungry.

You visited 1 branch of the dungeon, and saw 3 of its levels.

You collected 107 gold pieces.

Inventory:

Hand Weapons
 i - a +0 spear (weapon)
Armour
 d - a +1 leather armour of cold resistance (worn)
 h - a +0 cloak (worn)
Scrolls
 a - a scroll of remove curse
 g - a scroll of blinking
Potions
 e - a potion of might
Books
 b - a book of Callings

   Spells                             Type                      Level
   a - Summon Small Mammal            Summoning                    1
   b - Call Imp                       Summoning                    2
   c - Call Canine Familiar           Summoning                    3
   d - Summon Guardian Golem          Hexes/Summoning              3
   e - Summon Lightning Spire         Summoning/Air                4
   f - Summon Ice Beast               Ice/Summoning                4
Comestibles
 f - a bread ration
 j - 2 chunks of flesh


   Skills:
 - Level 2.0 Dodging
 - Level 2.0 Stealth
 + Level 4.3 Spellcasting
 - Level 4.0 Summonings


You had 2 spell levels left.
You knew the following spells:

 Your Spells              Type           Power        Failure   Level  Hunger
a - Summon Small Mammal   Summ           ###.         4%          1    None
b - Call Imp              Summ           ###.....     7%          2    ##.....
c - Call Canine Familiar  Summ           ###.....     14%         3    ###....
d - Summon Guardian Gole  Hex/Summ       #.......     32%         3    ###....


Dungeon Overview and Level Annotations

Branches:
Dungeon (3/15)

Altars:


Message History

* * * LOW HITPOINT WARNING * * *
You feel sick.
* * * LOW HITPOINT WARNING * * *
You feel sick.
* * * LOW HITPOINT WARNING * * *
You feel sick.
* * * LOW HITPOINT WARNING * * *
You feel sick.
* * * LOW HITPOINT WARNING * * *
You feel sick.
* * * LOW HITPOINT WARNING * * *
You feel sick.
Your rat disappears in a puff of smoke!
* * * LOW HITPOINT WARNING * * *
You feel sick.
* * * LOW HITPOINT WARNING * * *
You feel sick.
* * * LOW HITPOINT WARNING * * *
You feel sick.
You die...

.....#...#..#............#..).###
.#...#...#.........##.#..#....# #
##+++############..##.#..#....# #
#..##....#....# # #....###.#....#
# #####<.#.###......###
#......#.#...........
#####..#.#...........
#...@r.#r#...........
#.....##.#...........
########(#...........
..K.((.(#...........
...r................
....................
....................
....############.... .... ......


You could see a friendly rat.

Vanquished Creatures
  3 gnolls (D:2)
  A worm (D:2)
  2 dart slugs
  A leopard gecko (D:2)
  A giant cockroach (D:1)
  2 bats
  A frilled lizard (D:1)
  A kobold (D:2)
  2 rats (D:1)
14 creatures vanquished.

Vanquished Creatures (collateral kills)
  A gnoll (D:2)
  An adder (D:2)
  A howler monkey skeleton (D:2)
  3 worms
  A leopard gecko (D:1)
  A giant cockroach (D:1)
  6 goblins
  4 hobgoblins
  4 jackals
  4 kobolds
  A quokka (D:2)
  7 bats
  4 frilled lizards
  6 rats
44 creatures vanquished.

Grand Total: 58 creatures vanquished

Notes
Turn   | Place    | Note
-------+----------+-------------------------------------------
     0 | D:1      | Gildeon the Human Summoner began the quest for the Orb.
     0 | D:1      | Reached XP level 1. HP: 13/13 MP: 3/3
   308 | D:1      | Reached XP level 2. HP: 18/19 MP: 2/5
   781 | D:1      | Learned a level 2 spell: Call Imp
  1285 | D:2      | Reached XP level 3. HP: 18/24 MP: 3/7
  1295 | D:2      | Learned a level 3 spell: Call Canine Familiar
  1520 | D:2      | Reached XP level 4. HP: 6/30 MP: 1/9
  1757 | D:2      | Learned a level 3 spell: Summon Guardian Golem
  2927 | D:3      | HP: 1/30 [poisoned by a kobold]
  2929 | D:3      | Succumbed to a kobold's poison

Vault maps used:
D:1:      ncdulo_lavacross, st_stairs_7
D:3:      nemelex_altar_shiori, first_bread, guppyfry_early_orc_mine,
          uniq_grinder

Skill      XL: |  1  2  3  4 |
---------------+-------------+-----
Spellcasting   | 3 4 |  4.3
Dodging        | |  2.0
Stealth        | |  2.0
Summonings     | |  4.0

Action                   |  1- 3 |  4- 6 || total
-------------------------+-------+-------++-------
Melee: Unarmed           |    18 |       ||    18
       Dagger            |    14 |       ||    14
       Spear             |    39 |    35 ||    74
 Cast: Summon Small Mamm |    68 |    59 ||   127
       Call Imp          |    13 |     2 ||    15
       Call Canine Famil |     1 |     1 ||     2
  Use: Scroll            |     4 |     3 ||     7
       Potion            |     1 |       ||     1
 Stab: Sleeping          |     1 |       ||     1
  Eat: Chunk             |     3 |     1 ||     4
       Bread ration      |       |     1 ||     1
Armor: Robe              |    12 |       ||    12
       Leather armour    |     7 |    20 ||    27
Dodge: Dodged            |    58 |    38 ||    96

Table legend:
 A = Spawn XP
 B = Non-spawn XP
 C = Spawn XP percentage of total XP
 D = Spawn monster count
 E = Non-spawn monster count
 F = Spawn count percentage of total count
 G = Total turns spent on level
                    A         B        C        D         E        F      G
               +---------+---------+-------+---------+---------+-------+---------
         Total |       0 |     126 |   0.0 |       0 |      58 |   0.0 |  2929
               +---------+---------+-------+---------+---------+-------+---------
           D:1 |       0 |      25 |   0.0 |       0 |      22 |   0.0 |  1195
           D:2 |       0 |      86 |   0.0 |       0 |      26 |   0.0 |  1371
           D:3 |       0 |      15 |   0.0 |       0 |      10 |   0.0 |   363
               +---------+---------+-------+---------+---------+-------+---------
